 Dungeon Crawl Stone Soup version 0.30-a0-845-g7c6808c8ce (webtiles) character file.

Game seed: 8190714749863080627

2040071 Datul the Planerender (level 27, 198/198 HPs)
             Began as a Demonspawn Summoner on Feb 24, 2023.
             Was an Initiate of Gozag.
             Escaped with the Orb
             ... and 4 runes on Mar 2, 2023!
             The game lasted 09:38:13 (88413 turns).

Datul the Planerender (Demonspawn Summoner)        Turns: 88413, Time: 09:38:13

Health: 198/198    AC: 11    Str: 13    XL:     27
Magic:  60/60      EV: 17    Int: 29    God:    Gozag
Gold:   10356      SH: 13    Dex: 14    Spells: 17/74 levels left

rFire   + + .      SeeInvis +    b - +10 dagger of Doors {heavy, rElec rF+ Will++ Str-2}
rCold   + + .      Faith    .    K - +1 kite shield {rC+}
rNeg    . . .      Spirit   .    T - +5 robe of Night {Dark Will+ SInv}
rPois   .          Reflect  .    k - +1 hat
rElec   +          Rampage  .    V - scarf {rC+ rF+}
rCorr   .                        (gloves unavailable)
Will    +++++                    D - +2 pair of boots
Stlth   +                        e - amulet of Vitality {RegenMP++ Regen++}
HPRegen 2.13/turn                O - ring of Generosity {rElec MP+9 Str+5 Int+2 Dex-2}
MPRegen 1.17/turn                X - ring of wizardry

@: bribing [the Dungeon], repel missiles
A: repulsion field 3, demonic guardian 3, spiny 3, augmentation 3, demonic touch
3
0: Orb of Zot
}: 4/15 runes: barnacled, slimy, silver, gossamer
a: Renounce Religion, Potion Petition, Call Merchant, Bribe Branch


You escaped.
You worshipped Gozag.
Gozag was extremely pleased with you.
You visited 13 branches of the dungeon, and saw 57 of its levels.
You also visited: Sewer, Ossuary and Ice Cave.

You collected 32794 gold pieces.
You spent 8180 gold pieces at shops.
You paid 14258 gold pieces to Gozag.

Inventory:

Hand Weapons
 a - the +4 hand axe of Oxkeac {heavy, rElec rPois rC++ Will+}
   (You found it on level 2 of the Spider Nest)

   rC:        It greatly protects you from cold.
   rElec:     It insulates you from electricity.
   rPois:     It protects you from poison.
   Will:      It increases your willpower.
 b - the +10 dagger of Doors (weapon) {heavy, rElec rF+ Will++ Str-2}
   (You found it on level 4 of the Shoals)

   Str:       It affects your strength (-2).
   rF:        It protects you from fire.
   rElec:     It insulates you from electricity.
   Will:      It greatly increases your willpower.
 h - the +7 broad axe of Azeanlel {pain, rF++ MP+9}
   (You took it off an ogre mage on level 5 of the Vaults)

   rF:        It greatly protects you from fire.
   MP:        It affects your magic capacity (+9).
Armour
 k - a +1 hat (worn)
 D - a +2 pair of boots (worn)
 K - a +1 kite shield of cold resistance (worn)
 T - the +5 robe of Night (worn) {Dark Will+ SInv}
   (You bought it in a shop on level 2 of the Orcish Mines)

   Dark:      It shrouds the wearer in darkness, reducing the range at which
   they can see and be seen by others.
   SInv:      It lets you see invisible.
   Will:      It increases your willpower.
 V - a scarf of resistance (worn)
Jewellery
 d - the amulet of Caol {Reflect Will+ SH+5}
   (You acquired it on level 2 of the Lair of Beasts)

   [amulet of reflection]

   It reflects blocked missile attacks.
   SH:        It affects your SH (+5).
   Will:      It increases your willpower.
 e - the amulet of Vitality (around neck) {RegenMP++ Regen++}
   (You bought it in a shop on level 1 of the Elven Halls)

   [amulet of magic regeneration]

   It increases your rate of magic regeneration.
   Regen:     It increases your rate of health regeneration.
 v - the ring "Mimues" {rPois rCorr EV+5 Slay+2}
   (You found it on level 4 of the Shoals)

   [ring of evasion]

   EV:        It affects your evasion (+5).
   Slay:      It affects your accuracy & damage with ranged weapons and melee
   (+2).
   rPois:     It protects you from poison.
   rCorr:     It protects you from acid and corrosion.
 z - a ring of positive energy
 F - a ring of flight
 O - the ring of Generosity (left hand) {rElec MP+9 Str+5 Int+2 Dex-2}
   (You found it on level 5 of the Pits of Slime)

   [ring of magical power]

   Str:       It affects your strength (+5).
   Int:       It affects your intelligence (+2).
   Dex:       It affects your dexterity (-2).
   rElec:     It insulates you from electricity.
   MP:        It affects your magic capacity (+9).
 X - a ring of wizardry (right hand)
Wands
 A - a wand of mindburst (29)
 C - a wand of quicksilver (23)
 Q - a wand of digging (6)
 W - a wand of roots (19)
Scrolls
 f - 16 scrolls of vulnerability
 g - 8 scrolls of immolation
 j - 28 scrolls of teleportation
 l - 7 scrolls of amnesia
 m - 15 scrolls of fear
 n - 6 scrolls of torment
 o - 9 scrolls of magic mapping
 q - 13 scrolls of blinking
 t - 7 scrolls of fog
 x - 13 scrolls of poison
 y - 2 scrolls of summoning
 H - 17 scrolls of enchant armour
 N - 10 scrolls of enchant weapon
 R - 2 scrolls of identify
Potions
 c - 22 potions of heal wounds
 r - 13 potions of flight
 s - 5 potions of haste
 u - 23 potions of mutation
 w - 14 potions of curing
 B - 11 potions of lignification
 E - 10 potions of brilliance
 G - 15 potions of attraction
 J - 7 potions of invisibility
 L - 5 potions of resistance
 P - 3 potions of ambrosia
 S - 5 potions of cancellation
 Z - 4 potions of magic
Miscellaneous
 i - a lightning rod (4/4)
 p - a phial of floods
 I - a phantom mirror
 M - a condenser vane
 U - the horn of Geryon
 Y - a box of beasts


   Skills:
 + Level 12.5 Fighting
 - Level 6.5 Dodging
 - Level 1.7 Stealth
 - Level 12.0 Shields
 - Level 24.0 Spellcasting
 - Level 10.0 Conjurations
 O Level 27 Summonings
 - Level 6.0 Ice Magic
 - Level 5.0 Air Magic
 - Level 24.0 Earth Magic
 - Level 4.0 Poison Magic


You had 17 spell levels left.
You knew the following spells:

 Your Spells              Type           Power      Damage    Failure   Level
a - Blink                 Tloc           100%       N/A       1%          2
g - Iskenderun's Mystic   Conj/Tloc      96%        2d19      1%          4
i - Iron Shot             Conj/Erth      69%        9d13      1%          6
l - Lee's Rapid Deconstr  Erth           77%        3d35*     0%          5
m - Mephitic Cloud        Conj/Pois/Air  100%       N/A       1%          3
s - Spellforged Servitor  Conj/Summ      71%        N/A       1%          7
v - Summon Mana Viper     Hex/Summ       100%       N/A       1%          5
D - Dragon's Call         Summ           80%        N/A       1%          9
M - Monstrous Menagerie   Summ           80%        N/A       0%          7
S - Shatter               Erth           77%        3d56*     4%          9

Your spell library contained the following spells:

 Spells                   Type           Power      Damage    Failure   Level
 Summon Small Mammal      Summ           100%       N/A       0%          1
 Call Imp                 Summ           100%       N/A       0%          2
 Passwall                 Tmut/Erth      100%       N/A       0%          2
 Call Canine Familiar     Summ           100%       N/A       0%          3
 Summon Guardian Golem    Hex/Summ       100%       N/A       0%          3
 Animate Armour           Summ/Erth      100%       N/A       0%          4
 Summon Ice Beast         Ice/Summ       100%       N/A       0%          4
 Summon Hydra             Summ           80%        N/A       0%          7
 Beastly Appendage        Tmut           100%       N/A       1%          1
 Foxfire                  Conj/Fire      100%       2x1d9     1%          1
 Kiss of Death            Conj/Necr      100%       2d13      1%          1
 Magic Dart               Conj           100%       1d8       1%          1
 Shock                    Conj/Air       100%       1d9       1%          1
 Slow                     Hex            100%       N/A       1%          1
 Cigotuvi's Dreadful Rot  Necr/Pois/Air  100%       N/A       1%          2
 Ensorcelled Hibernation  Hex/Ice        100%       N/A       1%          2
 Lesser Beckoning         Tloc           100%       N/A       1%          2
 Momentum Strike          Conj/Tloc      100%       3d10      1%          2
 Poisonous Vapours        Pois/Air       100%       N/A       1%          2
 Searing Ray              Conj           100%       2d8       1%          2
 Sublimation of Blood     Necr           66%        N/A       1%          2
 Wereblood                Tmut           66%        N/A       1%          2
 Hailstorm                Conj/Ice       100%       3d20      1%          3
 Ignite Poison            Fire/Tmut/Pois 76%        N/A       1%          3
 Kindle Blastsparks       Fire/Tloc/Air  100%       2d18      1%          3
 Ozocubu's Armour         Ice            100%       N/A       1%          3
 Spider Form              Tmut/Pois      80%        N/A       1%          3
 Swiftness                Air            96%        N/A       1%          3
 Vhi's Electric Charge    Tloc/Air       100%       N/A       1%          3
 Flame Wave               Conj/Fire      96%        2d20      1%          4
 Fulminant Prism          Conj/Hex       48%        3d21      1%          4
 Leda's Liquefaction      Hex/Erth       62%        N/A       1%          4
 Olgreb's Toxic Radiance  Pois           91%        N/A       1%          4
 Petrify                  Tmut/Erth      100%       N/A       1%          4
 Sticky Flame             Conj/Fire      96%        2d11      1%          4
 Summon Lightning Spire   Summ/Air       100%       N/A       1%          4
 Borgnjor's Vile Clutch   Necr/Erth      62%        N/A       1%          5
 Freezing Cloud           Conj/Ice/Air   52%        6-21      1%          5
 Iskenderun's Battlesphe  Conj           100%       2d15      1%          5
 Statue Form              Tmut/Erth      82%        N/A       1%          6
 Summon Horrible Things   Summ           80%        N/A       1%          8
 Confusing Touch          Hex            66%        N/A       2%          3
 Gell's Gravitas          Tloc           66%        N/A       2%          3
 Inner Flame              Hex/Fire       66%        N/A       2%          3
 Portal Projectile        Hex/Tloc       100%       N/A       2%          3
 Teleport Other           Tloc           66%        N/A       2%          3
 Tukima's Dance           Hex            66%        N/A       2%          3
 Fireball                 Conj/Fire      48%        3d19      2%          5
 Irradiate                Conj/Tmut      48%        3d27      2%          5
 Malign Gateway           Summ/Tloc      64%        N/A       2%          7
 Lehudib's Crystal Spear  Conj/Erth      69%        10d16     4%          8
 Conjure Ball Lightning   Conj/Air       53%        3x3d18    5%          6
 Metabolic Englaciation   Hex/Ice        43%        N/A       6%          5
 Anguish                  Hex/Necr       33%        N/A       8%          4
 Cause Fear               Hex            33%        N/A       8%          4
 Dispel Undead            Necr           66%        3d23      8%          4
 Manifold Assault         Tloc           66%        N/A       8%          4
 Passage of Golubria      Tloc           66%        N/A       8%          4
 Silence                  Hex/Air        41%        N/A       8%          5
 Alistair's Intoxication  Tmut/Pois      53%        N/A       9%          5
 Orb of Destruction       Conj           58%        9d14      11%         7
 Starburst                Conj/Fire      48%        6d13      14%         6
 Blade Hands              Tmut           33%        N/A       21%         5
 Yara's Violent Unravell  Hex/Tmut       33%        3d14      21%         5
 Eringya's Noxious Bog    Tmut/Pois      40%        N/A       43%         6
 Ozocubu's Refrigeration  Ice            50%        4d18      45%         7
 Death Channel            Necr           33%        N/A       69%         6
 Dispersal                Tloc           33%        N/A       69%         6
 Storm Form               Tmut/Air       41%        N/A       89%         7
 Dragon Form              Tmut           33%        N/A       99%         7
 Enfeeble                 Hex            33%        N/A       99%         7
 Maxwell's Capacitive Co  Air            48%        ∞         99%         8
 Discord                  Hex            33%        N/A       100%        8
 Disjunction              Tloc           33%        N/A       100%        8
 Ignition                 Fire           33%        3d10      100%        8
 Necromutation            Tmut/Necr      33%        N/A       100%        8
 Chain Lightning          Conj/Air       53%        3d71      100%        9
 Fire Storm               Conj/Fire      48%        8d12      100%        9
 Animate Dead             Necr           Unusable   N/A       N/A         4

Dungeon Overview and Level Annotations

Branches:
Dungeon (15/15)            Temple (1/1) D:5            Lair (5/5) D:10
 Shoals (4/4) Lair:3       Spider (4/4) Lair:2        Slime (5/5) Lair:4
    Orc (2/2) D:11            Elf (3/3) Orc:2        Vaults (5/5) D:14
  Crypt (3/3) Vaults:3       Tomb (0/3) Crypt:3      Depths (4/4) D:15
   Hell (visited)             Dis (0/7) Hell            Geh (0/7) Hell
    Coc (0/7) Hell            Tar (0/7) Hell            Zot (5/5) Depths:4
  Sewer (visited)         Ossuary (visited)           IceCv (visited)

Altars:
Ashenzari
Cheibriados
Dithmenos
Fedhas
Gozag
Hepliaklqana
Kikubaaqudgha
Makhleb
Nemelex Xobeh
Okawaru
Qazlal
Ru
Sif Muna
Trog
Uskayaw
Vehumet
Wu Jian
Xom
Yredelemnul
Jiyva

Shops:
D:5 *   D:7 [   D:9 ?   D:15 :   Orc:1 (   Orc:2 *[:(   Elf:1 =:=   Shoals:1 (
Vaults:4 *   Depths:1 =   Depths:3 :

Portals:
Hell: Depths:1 Depths:2 Depths:3 Depths:4
Abyss: Depths:3 Depths:4
Pandemonium: Depths:2
Ziggurat: Depths:1

Annotations:
Spider:2 1 runed translucent door, demibob's ghost, journeyman TrCK
Elf:2 5 runed translucent doors
Depths:4 2 transporters
Zot:3 1 runed translucent door, Vyqe's ghost, master MfIE


Innate Abilities, Weirdness & Mutations

You are surrounded by a strong repulsion field. (EV +4, RMsl)
A powerful demonic guardian rushes to your aid.
You are completely covered in sharp spines.
Your magical and physical power is greatly enhanced at high health.
Your touch may irresistibly damage your foes and sap their willpower.


Message History

There is a stone staircase leading down here.
You see here a +0 helmet.
There is a stone staircase leading up here.
You climb upwards.
There is a stone staircase leading down here.
You can once more reach out to the dragon horde.
There is a stone staircase leading up here.
You climb upwards.
There is a stone staircase leading down here.
There is a stone staircase leading up here.
You climb upwards.
There is a stone staircase leading down here.
There is a stone staircase leading up here.
You climb upwards.
There is a stone staircase leading down here.
You see here a +0 club.
A blizzard demon comes into view.
The blizzard demon stares, then turns away, jangling a coin purse.
An Orb Guardian comes into view.
The iron shot hits the Orb Guardian!!!
The Orb Guardian is severely wounded.
You now have 55/60 mp.
The iron shot hits the Orb Guardian!!!
You kill the Orb Guardian!
Your life force feels restored.
You now have 50/60 mp.
You now have 10356 gold pieces (gained 33).
Health restored: 198 You regained 2 mp, and now have 52/60 mp.
You regained 2 mp, and now have 55/60 mp.
There is a stone staircase leading up here.
(D) Dungeon (T) Temple (L) Lair (A) Shoals (N) Spider Nest (M) Slime Pits (O) Orcish Mines (E) Elven Halls (V) Vaults (C) Crypt (W) Tomb (U) Depths (H) Hell (I) Dis (G) Gehenna (X) Cocytus (Y) Tartarus (Z) Zot
Where to? (Enter - D:1 @ (x,y), ? - help) Magic restored.
There is a stone staircase leading up here.
You climb upwards.
There is a stone staircase leading down here.
There is a staircase leading out of the dungeon here.
MP restored: 60 You have escaped!

#.# #.# #.# #(# #.# #.#
#.# ##.## #.# ##### #.#
#...####.### #.... #.#
#.......#..# #.###
##.###...#############.#
#.....#####P#P#P#P#P##.#
##.##.#
#..............###
####.#
#@..PP............ #.#
#..............### #.#
###P#P#P#P#P##.# #.#
############.# #.# #.#
#.# #.# #.######>## #.#
#.........## #.#
#######.....
#.###############.####


There were no monsters in sight!

Vanquished Creatures
  the Royal Jelly (Slime:5)
  A dread lich (Zot:5)
  2 ancient liches
  An orb of fire (Zot:5)
  A juggernaut (Depths:3)
  Josephina (Zot:1)
  3 Killer Klowns (Zot:5)
  2 curse toes
  5 golden dragons
  A profane servitor (Crypt:3)
  2 bone dragons
  An iron giant (Depths:4)
  An electric golem (Zot:1)
  A walking crystal tome (Depths:3)
  Rupert (D:13)
  Jorgrun (Orc:1)
  14 tentacled monstrosities
  Mlioglotl (Spider:2)
  17 Orb Guardians
  3 liches
  2 walking earthen tomes
  A walking frostbound tome (Depths:3)
  A deep elf master archer (Elf:3)
  Asterion (Spider:2)
  3 quicksilver dragons
  5 titans
  A deep elf blademaster (Elf:3)
  6 sphinxes
  5 shadow dragons
  9 acid blobs
  3 death cobs
  8 ancient champions
  A kraken (Shoals:4)
  8 storm dragons
  5 tengu reavers
  8 frost giants
  17 fire giants
  2 draconian knights
  5 rockslimes (Slime:5)
  9 azure jellies
  6 revenants
  4 deep elf sorcerers
  2 ghost moths (Spider:4)
  8 draconian scorchers
  2 iron dragons
  Aizul (Vaults:4)
  4 curse skulls
  12 vault wardens
  4 deep elf elementalists (Elf:3)
  3 orc warlords
  2 emperor scorpions (Spider:4)
  3 draconian shifters
  2 reapers
  A cacodemon (Depths:1)
  11 ironbound preservers
  3 draconian annihilators
  8 ghouls
  3 war gargoyles
  4 draconian stormcallers (Zot:4)
  26 slime creatures
  22 very ugly things
  11 quicksilver oozes
  13 stone giants
  A juggernaut skeleton (Crypt:3)
  4 ironbound thunderhulks
  2 green draconians
  7 vampire knights
  2 black draconians
  11 deep elf annihilators
  5 deep elf demonologists
  2 white draconians
  14 dire elephants
  3 red draconians
  4 eidola
  5 purple draconians
  A yellow draconian (Depths:4)
  2 iron golems (Hell)
  6 merfolk javelineers
  6 deep elf death magi
  6 spark wasps
  2 blizzard demons (Hell)
  2 merfolk impalers
  2 crystal guardians (Vaults:4)
  12 fire dragons
  7 ettins
  3 entropy weavers
  15 jiangshi
  6 yaktaur captains
  A quicksilver dragon zombie (Crypt:2)
  7 deep elf high priests
  2 rakshasas
  A hell beast (Depths:4)
  2 spriggan zombies (Crypt:3)
  An ice dragon (shapeshifter) (Depths:4)
  9 great orbs of eyes
  4 peacekeepers
  A hydra (D:15)
  An ice dragon (Depths:2)
  6 ironbound frosthearts
  An ogre mage (Vaults:5)
  33 vault guards
  2 merfolk avatars
  A death knight (Crypt:1)
  2 spriggan air magi
  A two-headed ogre (D:12)
  An alligator snapping turtle (Shoals:2)
  A naga warrior (Vaults:3)
  2 boulder beetles
  A death scarab (Spider:4)
  18 centaur warriors
  A merfolk aquamancer (Shoals:4)
  3 death yaks (Shoals:3)
  3 satyrs (Shoals:4)
  A bennu skeleton (Crypt:3)
  3 deep troll earth magi
  5 orc high priests
  5 tengu warriors
  11 vampire magi
  4 deep troll shamans
  17 dancing weapons
  A quicksilver ooze zombie (Crypt:3)
  8 skysharks
  2 sun demons
  7 hell knights
  4 spriggan berserkers
  Urug (D:14)
  5 soul eaters
  A fire crab (shapeshifter) (Vaults:5)
  11 deep elf knights
  2 pharaoh ants (Spider:1)
  6 iron trolls
  A sixfirhy (Depths:1)
  2 sun moths
  2 shadow wraiths (Crypt:3)
  A bunyip zombie (Crypt:2)
  6 flayed ghosts
  17 skeletal warriors
  12 sea snakes
  5 orb spiders
  A shadow demon (D:13)
  27 deep trolls
  2 bog bodies
  A swamp dragon (shapeshifter) (Depths:2)
  3 glowing orange brains
  An obsidian statue (Depths:1)
  An orange crystal statue (Lair:4)
  14 ironbound convokers
  3 phantasmal warriors
  7 deep elf archers
  3 steelbarb worms
  6 wizards
  2 lindwurms (Vaults:2)
  13 orc knights
  21 harpies
  25 deep elf pyromancers
  8 necromancers
  15 deep elf zephyrmancers
  39 ugly things
  11 wolf spiders
  13 fauns
  An oklob plant (Shoals:2)
  4 orc sorcerers
  2 stone giant zombies
  17 moths of wrath
  2 cyclopes
  An elephant (Lair:4)
  3 shining eyes
  8 manticores
  3 merfolk sirens
  A black mamba (Lair:5)
  A jorogumo skeleton (Crypt:1)
  4 rust devils
  2 naga zombies
  A frost giant skeleton (Vaults:2)
  2 torpor snails
  15 vault sentinels
  A centaur zombie (Crypt:1)
  2 water nymphs
  A fire giant skeleton (Crypt:2)
  2 orange demons (Depths:2)
  A molten gargoyle (Hell)
  4 smoke demons
  A storm dragon simulacrum (Crypt:1)
  A gargoyle (D:12)
  A purple draconian zombie (Crypt:2)
  A komodo dragon (Lair:5)
  A centaur skeleton (Crypt:1)
  A catoblepas zombie (Crypt:1)
  An unseen horror (shapeshifter) (Vaults:5)
  3 freezing wraiths
  2 yellow draconian skeletons
  2 tengu conjurers (Depths:2)
  45 yaktaurs
  5 guardian mummies (Crypt:3)
  A human skeleton (Vaults:4)
  3 ice devils
  A troll (shapeshifter) (Vaults:5)
  A tormentor (Depths:1)
  A polar bear (Lair:4)
  11 tarantellas
  2 meliai
  A wind drake (Shoals:4)
  19 merfolk
  A yaktaur skeleton (Vaults:4)
  2 trolls
  A harpy zombie (Crypt:3)
  5 hornets
  3 nameless horrors
  2 blink frogs (Lair:2)
  5 snapping turtles
  A raiju (Lair:5)
  2 dream sheep (Shoals:1)
  A slime creature (shapeshifter) (Depths:3)
  12 jumping spiders
  An air elemental (Elf:2)
  17 culicivoras
  A ynoxinul (Depths:2)
  A dire elephant simulacrum (Crypt:1)
  A culicivora (shapeshifter) (D:14)
  17 water elementals
  2 yaks
  A vampire (Crypt:3)
  13 humans
  5 wraiths
  A spriggan (Depths:1)
  2 hogs (shapeshifter)
  3 golden eyes
  4 fire elementals
  A neqoxec (Depths:2)
  2 wyverns
  3 chaos spawn
  31 redbacks
  6 vampire mosquitoes
  3 wargs
  An acid dragon (D:12)
  4 water moccasins
  2 floating eyes (Depths:2)
  2 hell hounds (Lair:5)
  A black bear (Lair:5)
  5 ice beasts
  A floating eye (shapeshifter) (Elf:1)
  19 orc warriors
  A sky beast (D:5)
  A black mamba simulacrum (Crypt:1)
  An ogre (Orc:2)
  3 boggarts (D:14)
  7 wolves
  A snapping turtle skeleton (Crypt:2)
  3 bullfrogs
  2 necrophages (Crypt:2)
  4 earth elementals
  A salamander skeleton (Crypt:1)
  A human simulacrum (Vaults:2)
  An elf skeleton (Crypt:3)
  A water moccasin zombie (Crypt:1)
  3 killer bees (Lair:2)
  2 howler monkeys
  9 electric eels
  2 hounds (D:5)
  A basilisk zombie (Crypt:1)
  7 orc priests
  A basilisk skeleton (Crypt:3)
  An iguana (D:4)
  6 hell rats (Lair:5)
  12 orc wizards
  A boggart zombie (Crypt:2)
  A malarious merfolk avatar (Sewer)
  A deep dwarf zombie (Crypt:2)
  4 mummies (Crypt:3)
  A gnoll (D:5)
  3 adders
  A howler monkey skeleton (Crypt:1)
  4 river rats
  2 iguana zombies
  An adder skeleton (Crypt:1)
  30 orcs
  A bat (D:3)
  2 endoplasms
  A giant cockroach (D:4)
  5 goblins
  2 hobgoblins (D:3)
  2 jackals
  4 kobolds
  2 quokkas
  3 training dummies (Shoals:1)
  3 ball pythons
  5 frilled lizards
  A frilled lizard zombie (Crypt:3)
  6 rats
  A tentacle (Shoals:3)
1431 creatures vanquished.

Vanquished Creatures (collateral kills)
  A dread lich (Zot:5)
  2 orbs of fire (Zot:5)
  The ghost of Liheutte the Intangible, a veteran MfMo of Cheibriados (Depths:4)
  8 Killer Klowns (Zot:5)
  Geryon (Hell)
  3 curse toes
  7 golden dragons
  3 electric golems
  7 tentacled monstrosities
  10 Orb Guardians (Zot:5)
  A kraken (Shoals:3)
  A deep elf blademaster (Vaults:3)
  Polyphemus (Shoals:3)
  4 death cobs
  5 acid blobs (Slime:5)
  4 quicksilver dragons
  An ancient champion (Hell)
  2 sphinxes
  The ghost of acebull12 the Slayer, an adept MiFi of Okawaru (Shoals:4)
  Kirke (Lair:3)
  3 draconian monks (Zot:4)
  3 tengu reavers
  6 storm dragons
  The ghost of Kevimi the Acrobat, an adept FeNe of Sif Muna (Vaults:3)
  7 shadow dragons
  3 azure jellies
  A rockslime (Slime:5)
  A fire giant (Vaults:5)
  2 emperor scorpions
  3 draconian knights
  An iron dragon (Vaults:5)
  2 vault wardens
  4 ghost moths
  A balrug (Hell)
  3 frost giants
  2 draconian scorchers
  3 orc warlords
  A cacodemon (Depths:1)
  A draconian shifter (Zot:3)
  A deep elf elementalist (Elf:2)
  3 ironbound preservers
  4 quicksilver oozes
  10 very ugly things
  2 draconian annihilators
  5 stone giants
  2 draconian stormcallers
  A war gargoyle (Vaults:4)
  A reaper (Hell)
  An ironbound thunderhulk (Vaults:5)
  3 black draconians
  2 vampire knights
  A deep elf annihilator (Vaults:5)
  A minotaur (Vaults:3)
  7 red draconians
  6 green draconians
  2 lorocyprocas (Hell)
  A spark wasp (Depths:2)
  3 dire elephants
  5 purple draconians
  Snorg (Lair:3)
  6 yellow draconians
  An eidolon (Crypt:2)
  5 white draconians
  3 jiangshi (Crypt:3)
  2 ettins
  2 merfolk impalers
  An entropy weaver (Spider:1)
  A fire dragon (Lair:5)
  2 green deaths
  3 deep elf high priests
  7 great orbs of eyes
  6 yaktaur captains
  3 hydras
  An ice dragon (D:10)
  4 ogre magi
  3 centaur warriors
  An anaconda (shapeshifter) (Depths:3)
  3 jorogumos
  2 radroaches
  6 two-headed ogres
  4 boulder beetles
  An ironbound frostheart (Vaults:3)
  An anaconda (Lair:5)
  A merfolk aquamancer (Shoals:4)
  7 dancing weapons
  4 catoblepae
  3 tengu warriors
  A deep troll shaman (Depths:2)
  A vampire mage (Crypt:3)
  2 deep troll earth magi
  A titan zombie (Vaults:4)
  5 death yaks
  A soul eater (Depths:1)
  Nergalle (Lair:1)
  2 skysharks (Shoals:2)
  4 deep elf knights
  2 pharaoh ants
  3 hell knights (Hell)
  A sun demon (Depths:1)
  8 skeletal warriors
  A sea snake (Shoals:4)
  6 deep trolls
  A swamp dragon (shapeshifter) (Vaults:5)
  A swamp dragon (Lair:5)
  A bog body (Lair:1)
  6 orb spiders
  A phantasmal warrior (Vaults:5)
  A lindwurm (Lair:3)
  4 ironbound convokers
  11 harpies
  12 orc knights
  5 deep elf zephyrmancers (Elf:1)
  A necromancer (Hell)
  2 fauns (Shoals:4)
  5 manticores
  3 steelbarb worms
  8 deep elf pyromancers
  A shining eye (Slime:5)
  17 ugly things
  5 orc sorcerers
  9 wolf spiders
  13 moths of wrath
  4 elephants (Lair:4)
  4 merfolk sirens
  4 cyclopes
  3 rust devils (Hell)
  A demonic crawler (Hell)
  3 water nymphs
  2 smoke demons
  5 molten gargoyles (Hell)
  An eye of devastation (Slime:3)
  7 black mambas
  3 ice statues
  2 gargoyles
  2 vault sentinels
  3 torpor snails
  7 cane toads
  2 rime drakes (Lair:1)
  16 yaktaurs
  An orange demon (Depths:1)
  10 komodo dragons
  2 yaktaur zombies (Vaults:4)
  An anaconda simulacrum (Hell)
  3 freezing wraiths
  Maggie (Lair:1)
  3 ice devils
  A human skeleton (Vaults:4)
  A golden dragon simulacrum (Zot:1)
  2 burning bushes (Lair:3)
  7 merfolk
  10 polar bears
  2 hellwings
  2 trolls
  5 wind drakes
  3 meliai
  A blink frog (Lair:2)
  8 tarantellas
  A raiju (Lair:5)
  2 snapping turtles (Shoals:1)
  6 dream sheep
  9 jumping spiders
  A draconian simulacrum (Zot:1)
  A dire elephant simulacrum (IceCv)
  25 slime creatures
  A ynoxinul (Depths:1)
  3 wraiths
  3 humans (D:14)
  20 yaks
  3 vampires
  8 culicivoras
  3 basilisks
  5 water elementals
  4 golden eyes (Slime:4)
  A steam dragon (Lair:5)
  4 hogs (Lair:3)
  3 death yak simulacra
  22 redbacks
  A human simulacrum (Vaults:4)
  A vampire mosquito (D:13)
  A chaos spawn (Depths:1)
  3 wargs (Lair:5)
  8 water moccasins
  16 hell hounds
  3 acid dragons
  A floating eye (Depths:1)
  A moth of wrath simulacrum (Zot:1)
  3 swamp drakes (Lair:5)
  11 black bears
  20 orc warriors
  11 ice beasts (D:10)
  An ogre (Orc:2)
  3 sky beasts
  16 wolves
  6 centaurs
  3 kobold brigands
  10 bullfrogs
  2 scorpions
  A two-headed ogre simulacrum (Lair:1)
  A cane toad simulacrum (IceCv)
  A shapeshifter zombie (Crypt:1)
  10 wights
  An elephant simulacrum (IceCv)
  A killer bee (Lair:2)
  5 howler monkeys
  3 lava snakes
  5 jellies
  11 orc priests
  A hound (D:4)
  2 iguanas (Lair:5)
  26 orc wizards
  10 hell rats
  A polar bear simulacrum (Lair:1)
  A wolf simulacrum (IceCv)
  10 mummies
  14 adders
  5 gnolls
  5 river rats
  A shadow imp (D:5)
  2 white imps (D:8)
  An ufetubus (D:5)
  2 worms (D:2)
  6 dart slugs
  51 orcs
  2 bats
  4 endoplasms
  A giant cockroach (Sewer)
  2 goblins
  8 hobgoblins
  5 jackals
  14 kobolds
  2 quokkas (D:10)
  6 ball pythons
  4 frilled lizards
  2 gnoll zombies (Ossuary)
  A hobgoblin zombie (Ossuary)
  2 kobold zombies (Ossuary)
  3 orc zombies (Ossuary)
  23 rats
  3 tentacles
1040 creatures vanquished.

Vanquished Creatures (others)
  A tentacled monstrosity (Zot:5)
  A draconian stormcaller (Zot:2)
  A reaper (Hell)
  Nessos (Lair:3)
  A yellow draconian (Zot:2)
  Fannar (Lair:3)
  A hydra (Lair:5)
  A boulder beetle (Lair:5)
  A merfolk aquamancer (Shoals:4)
  An orc high priest (Orc:2)
  5 death yaks
  2 skysharks
  A hell knight (Hell)
  An orb spider (Spider:1)
  A skeletal warrior (D:13)
  2 ugly things
  An elephant (Lair:4)
  A black mamba (Lair:5)
  A cane toad (Lair:1)
  A gargoyle (D:11)
  An ice statue (IceCv)
  2 komodo dragons (Lair:5)
  2 rime drakes
  An ice devil (Lair:1)
  A ghost moth simulacrum (Zot:1)
  2 trolls
  A burning bush (Lair:3)
  6 polar bears
  2 meliai
  A tarantella (Spider:1)
  2 wyverns (Lair:5)
  A dire elephant simulacrum (Lair:1)
  2 hogs (Lair:3)
  3 yaks
  2 basilisks
  2 steam dragons
  A vampire mosquito (D:13)
  2 wargs
  A harpy simulacrum (IceCv)
  2 water moccasins (Lair:5)
  2 black bears
  2 orc warriors
  7 wolves
  2 centaurs (D:11)
  2 bullfrogs
  A cane toad simulacrum (Lair:1)
  3 wights (D:6)
  An electric eel (D:10)
  4 hell rats (Lair:5)
  A sickly merfolk siren (Sewer)
  A troll simulacrum (Lair:1)
  A mummy (Ossuary)
  2 orcs
  A rat (Sewer)
  2 bushes
  43 fungi
  355 plants
  8 tentacles
501 creatures vanquished.

Grand Total: 2972 creatures vanquished

Notes
Turn   | Place    | Note
-------+----------+-------------------------------------------
     0 | D:1      | Datul the Demonspawn Summoner began the quest for the Orb.
     0 | D:1      | Reached XP level 1. HP: 13/13 MP: 3/3
   282 | D:1      | Gained mutation: You are partially covered in sharp spines.
                  | [demonic ancestry]
   282 | D:1      | Reached XP level 2. HP: 14/19 MP: 3/5
   403 | D:1      | Learned a level 2 spell: Call Imp
   420 | D:1      | Found Biogu's Magic Scroll Emporium.
   425 | D:1      | Bought a scroll of identify for 24 gold pieces
   998 | D:2      | Found a shadowy altar of Dithmenos.
  1053 | D:2      | Reached skill level 5 in Summonings
  1053 | D:2      | Gained mutation: You are surrounded by a mild repulsion
                  | field. (EV +2) [demonic ancestry]
  1053 | D:2      | Reached XP level 3. HP: 21/24 MP: 1/6
  1438 | D:2      | Reached XP level 4. HP: 30/30 MP: 7/7
  2686 | D:1      | Bought a scroll of blinking for 90 gold pieces
  2686 | D:1      | Bought a scroll of poison for 48 gold pieces
  2761 | D:4      | Learned a level 3 spell: Call Canine Familiar
  2777 | D:4      | Reached skill level 6 in Summonings
  2856 | D:4      | Found a sparkling altar of Nemelex Xobeh.
  3069 | D:4      | Reached XP level 5. HP: 29/35 MP: 5/8
  3276 | D:4      | Found a bloodstained altar of Trog.
  3482 | D:5      | Entered Level 5 of the Dungeon
  3489 | D:5      | Noticed an ice beast
  3509 | D:5      | Killed an ice beast
  3510 | D:5      | Reached XP level 6. HP: 41/41 MP: 2/11
  3518 | D:5      | Learned a level 3 spell: Summon Guardian Golem
  3587 | D:5      | Noticed an acid dragon
  3779 | D:5      | Found a glowing drain.
  3840 | Sewer    | Entered a sewer
  3990 | Sewer    | Reached skill level 7 in Summonings
  4322 | D:5      | Noticed a sky beast
  4363 | D:5      | Killed a sky beast
  4364 | D:5      | Gained mutation: You are surrounded by a moderate repulsion
                  | field. (EV +3) [demonic ancestry]
  4364 | D:5      | Reached XP level 7. HP: 28/46 MP: 3/13
  4473 | D:5      | Found a staircase to the Ecumenical Temple.
  4483 | Temple   | Entered the Ecumenical Temple
  4519 | Temple   | Upgraded the game from 0.30-a0-802-gb92711bcdf to
                  | 0.30-a0-824-g6c64550be9
  4863 | D:5      | Found Vacoijad's Assorted Antiques.
  4891 | D:5      | Bought a scroll labelled ECUFIT PUIFU for 33 gold pieces
  4891 | D:5      | Bought a runed robe for 122 gold pieces
  5084 | D:5      | Reached skill level 5 in Spellcasting
  5194 | D:5      | Found a hazy altar of Hepliaklqana.
  5288 | D:6      | Noticed a steam dragon
  5427 | D:5      | Reached skill level 8 in Summonings
  5614 | D:6      | Killed a steam dragon
  5870 | D:6      | Gained mutation: A weak demonic guardian rushes to your
                  | aid. [demonic ancestry]
  5870 | D:6      | Reached XP level 8. HP: 52/52 MP: 7/16
  6209 | D:6      | Reached skill level 9 in Summonings
  6216 | D:6      | Learned a level 4 spell: Summon Lightning Spire
  6346 | D:6      | Reached skill level 1 in Air Magic
  6899 | D:6      | Found an iron altar of Okawaru.
  6984 | D:7      | Found Enioz's Armour Shoppe.
  7057 | D:7      | Found a sand-covered staircase.
  7089 | Ossuary  | Entered an ossuary
  7107 | Ossuary  | Gained mutation: You are mostly covered in sharp spines.
                  | [demonic ancestry]
  7107 | Ossuary  | Reached XP level 9. HP: 57/57 MP: 11/20
  7942 | D:8      | Reached skill level 5 in Air Magic
  8605 | D:8      | Reached skill level 1 in Fighting
  8689 | D:8      | Identified the +1 scale mail of Truth {rN+ Will+ SInv}
  8711 | D:8      | Found a broken altar of Ashenzari.
  8711 | D:8      | Found an ancient bone altar of Kikubaaqudgha.
  8711 | D:8      | Found a shadowy altar of Dithmenos.
  9042 | D:9      | Identified the +3 trident "Ysayxoc" {heavy, rPois rF- Str+4
                  | Stlth+}
  9281 | D:9      | Noticed a purple ugly thing
  9288 | D:9      | Killed a purple ugly thing
  9289 | D:9      | Gained mutation: A demonic guardian rushes to your aid.
                  | [demonic ancestry]
  9289 | D:9      | Reached XP level 10. HP: 59/73 MP: 10/23
  9553 | D:9      | Reached skill level 5 in Fighting
  9562 | D:9      | Found Fyvor's Magic Scroll Shoppe.
 10088 | D:10     | Entered Level 10 of the Dungeon
 10181 | D:10     | Noticed a death yak
 10187 | D:10     | Noticed a death yak
 10194 | D:10     | Noticed a death yak
 10196 | D:10     | Killed a death yak
 10197 | D:10     | Killed a death yak
 10198 | D:10     | Reached skill level 10 in Spellcasting
 10203 | D:10     | Killed a death yak
 10379 | D:10     | Noticed a cyclops
 10385 | D:10     | Killed a cyclops
 10487 | D:10     | Noticed a two-headed ogre
 10500 | D:10     | Killed a two-headed ogre
 10534 | D:10     | Reached skill level 10 in Summonings
 10667 | D:10     | Reached XP level 11. HP: 82/82 MP: 17/26
 10680 | D:10     | Found a staircase to the Lair.
 10842 | D:10     | Found an opulent altar of Gozag.
 10850 | D:10     | Became a worshipper of Gozag Ym Sagoz the Greedy
 10937 | D:5      | Bought a tapered glass wand for 132 gold pieces
 11135 | D:10     | Learned a level 2 spell: Blink
 11211 | Lair:1   | Entered Level 1 of the Lair of Beasts
 11211 | Lair:1   | Noticed Maggie
 11220 | Lair:1   | Killed Maggie
 11239 | Lair:1   | Noticed a death yak
 11250 | Lair:1   | Killed a death yak
 11402 | Lair:1   | Noticed a bog body
 11447 | Lair:1   | Killed a bog body
 11721 | Lair:1   | Noticed Nergalle
 11730 | Lair:1   | Killed Nergalle
 11731 | Lair:1   | Reached skill level 11 in Summonings
 12119 | Lair:1   | Reached skill level 12 in Summonings
 12724 | Lair:2   | Reached XP level 12. HP: 63/95 MP: 6/27
 12772 | Lair:2   | Reached skill level 13 in Summonings
 13119 | Lair:2   | Found a hole to the Spider Nest.
 13828 | Lair:2   | Identified a scroll of acquirement
 13828 | Lair:2   | Acquired the amulet of Caol {Reflect Will+ SH+5}
 13860 | Lair:3   | Noticed a seven-headed hydra
 13871 | Lair:3   | Killed a seven-headed hydra
 13883 | Lair:3   | Reached skill level 14 in Summonings
 14230 | Lair:3   | Reached skill level 15 in Summonings
 14289 | Lair:3   | Noticed Kirke
 14303 | Lair:3   | Killed Kirke
 14482 | Lair:3   | Noticed Fannar
 14499 | Lair:3   | Killed Fannar
 14560 | Lair:3   | Noticed Snorg
 14571 | Lair:3   | Killed Snorg
 14646 | Lair:3   | Reached skill level 16 in Summonings
 14728 | Lair:3   | Gained mutation: Your touch may inflict minor irresistible
                  | damage on your foes. [demonic ancestry]
 14728 | Lair:3   | Reached XP level 13. HP: 87/101 MP: 14/28
 14907 | Lair:3   | Found a staircase to the Shoals.
 15107 | Lair:3   | Noticed Nessos
 15114 | Lair:3   | Killed Nessos
 15755 | D:9      | Bought a scroll of identify for 34 gold pieces
 15755 | D:9      | Bought a scroll of amnesia for 68 gold pieces
 15755 | D:9      | Bought a scroll of blinking for 127 gold pieces
 15755 | D:9      | Bought a scroll of identify for 34 gold pieces
 15755 | D:9      | Bought a scroll of magic mapping for 127 gold pieces
 15755 | D:9      | Bought a scroll of identify for 34 gold pieces
 15755 | D:9      | Bought a scroll of identify for 34 gold pieces
 15937 | D:1      | Bought a scroll of identify for 24 gold pieces
 15937 | D:1      | Bought a scroll of poison for 48 gold pieces
 15937 | D:1      | Bought a scroll of enchant armour for 90 gold pieces
 16116 | D:5      | Bought a curved smoking staff for 396 gold pieces
 16116 | D:5      | Bought a potion of heal wounds for 165 gold pieces
 16116 | D:5      | Bought a bloodstained shortbow for 264 gold pieces
 16116 | D:5      | Identified the +9 shortbow of Udghab {heavy, rF+} (You
                  | bought it in a shop on level 5 of the Dungeon)
 16620 | Lair:4   | Reached skill level 17 in Summonings
 17055 | Lair:4   | Found a runed translucent door.
 17056 | Lair:4   | Found a viscous altar of Jiyva.
 17057 | Lair:4   | Found a staircase to the Slime Pits.
 17517 | Lair:5   | Entered Level 5 of the Lair of Beasts
 17550 | Lair:5   | Reached skill level 18 in Summonings
 18959 | Lair:5   | Reached skill level 19 in Summonings
 18965 | Lair:5   | Reached XP level 14. HP: 108/108 MP: 15/29
 19009 | Lair:5   | Learned a level 3 spell: Mephitic Cloud
 19046 | Lair:5   | Reached skill level 1 in Conjurations
 19046 | Lair:5   | Reached skill level 1 in Poison Magic
 20502 | Lair:5   | Reached skill level 5 in Conjurations
 20751 | Lair:5   | Identified the +12 flail of Hanaseb {flame, rPois Str+3
                  | Dex+3}
 21837 | D:10     | Learned a level 5 spell: Freezing Cloud
 21884 | D:11     | Reached skill level 1 in Ice Magic
 22052 | D:11     | Found a frozen archway.
 22177 | IceCv    | Entered an ice cave
 22353 | IceCv    | Identified the +11 lajatang of the Unliving {freeze, Dex+2}
 22475 | IceCv    | Reached skill level 5 in Dodging
 22972 | D:11     | Found a staircase to the Orcish Mines.
 23424 | Orc:1    | Entered Level 1 of the Orcish Mines
 23617 | Orc:1    | Noticed Jorgrun
 23631 | Orc:1    | Killed Jorgrun
 23632 | Orc:1    | Reached skill level 5 in Ice Magic
 23896 | Orc:1    | Found Onil's Antique Weapon Shoppe.
 24040 | Orc:2    | Entered Level 2 of the Orcish Mines
 24308 | Orc:2    | Noticed an orc warlord
 24318 | Orc:2    | Gained mutation: You are surrounded by a strong repulsion
                  | field. (EV +4, RMsl) [demonic ancestry]
 24318 | Orc:2    | Reached XP level 15. HP: 57/113 MP: 3/30
 26009 | Orc:2    | Found a staircase to the Elven Halls.
 26292 | Orc:2    | Found Xuntatey's Antique Armour Shop.
 26293 | Orc:2    | Found Hiluc's Antique Weapon Boutique.
 26295 | Orc:2    | Found Zaejuuni's General Store.
 26295 | Orc:2    | Found Touwava's Book Shop.
 26312 | Orc:2    | Bought a glowing hat for 210 gold pieces
 26312 | Orc:2    | Bought a pair of runed boots for 225 gold pieces
 26326 | Orc:2    | Bought a sheer robe for 171 gold pieces
 26326 | Orc:2    | Identified the +0 robe of Fun and Games {rN+ Str+6} (You
                  | bought it in a shop on level 2 of the Orcish Mines)
 26327 | Orc:2    | Bought the +5 robe of Night {Dark Will+ SInv} for 1800 gold
                  | pieces
 26327 | Orc:2    | Found the +5 robe of Night {Dark Will+ SInv}
 28693 | D:13     | Reached skill level 10 in Conjurations
 28693 | D:13     | Reached skill level 1 in Earth Magic
 28961 | Orc:2    | Bought a book of Iron for 468 gold pieces
 28961 | Orc:2    | Bought a book of Blasting for 520 gold pieces
 28966 | Orc:2    | Learned a level 4 spell: Iskenderun's Mystic Blast
 28972 | Orc:2    | Learned a level 5 spell: Lee's Rapid Deconstruction
 29591 | D:14     | Noticed Rupert
 29726 | D:14     | Found a gate to the Vaults.
 29889 | D:13     | Reached skill level 5 in Earth Magic
 30114 | Spider:1 | Entered Level 1 of the Spider Nest
 31281 | Spider:1 | Acquired 1003 gold pieces
 31980 | D:10     | Noticed a frost giant
 32020 | D:10     | Killed a frost giant
 32021 | D:10     | Gained mutation: Your magical and physical power is
                  | slightly enhanced at high health. [demonic ancestry]
 32021 | D:10     | Reached XP level 16. HP: 104/120 MP: 2/31
 32409 | D:10     | Got Sif Muna's Directory of Cryomancy
 32555 | Spider:2 | Noticed Mlioglotl
 32668 | Spider:1 | Learned a level 6 spell: Iron Shot
 32908 | Spider:2 | Killed Mlioglotl
 33737 | Spider:2 | Noticed Asterion
 33892 | Spider:1 | Learned a level 5 spell: Summon Mana Viper
 33924 | Spider:2 | Killed Asterion
 33925 | Spider:2 | Reached skill level 10 in Earth Magic
 34345 | Spider:2 | Found a runed translucent door.
 34345 | Spider:2 | Noticed demibob's ghost (journeyman TrCK)
 34349 | Spider:2 | Identified the +1 leather armour of Charmed Brilliance
                  | {rElec rN+ Stlth+}
 34513 | Spider:2 | Identified the +4 hand axe of Oxkeac {heavy, rElec rPois
                  | rC++ Will+}
 36199 | Spider:3 | Upgraded the game from 0.30-a0-824-g6c64550be9 to
                  | 0.30-a0-830-gfe289a77b0
 36238 | Spider:4 | Entered Level 4 of the Spider Nest
 39710 | Spider:4 | Reached skill level 1 in Shields
 39714 | Spider:4 | Reached XP level 17. HP: 101/125 MP: 23/34
 40172 | Spider:4 | Got a gossamer rune of Zot
 40589 | D:13     | Killed Rupert
 40868 | D:14     | Noticed Urug
 41038 | D:14     | Killed Urug
 42109 | D:15     | Entered Level 15 of the Dungeon
 42145 | D:15     | Found Esmiul's Book Boutique.
 42886 | D:15     | Reached skill level 5 in Shields
 43147 | D:15     | Found a staircase to the Depths.
 43786 | D:15     | Learned a level 7 spell: Monstrous Menagerie
 43968 | Shoals:1 | Entered Level 1 of the Shoals
 44384 | Shoals:1 | Found Fajosowi's Firing Range.
 44827 | Shoals:1 | Identified the +3 short sword of Subterfuge {venom, rElec
                  | rN++ Int-3 Dex+3}
 46118 | Shoals:2 | Found an iron altar of Okawaru.
 47557 | Shoals:2 | Gained mutation: You are completely covered in sharp
                  | spines. [demonic ancestry]
 47557 | Shoals:2 | Reached XP level 18. HP: 132/132 MP: 19/35
 48128 | Shoals:3 | Noticed Polyphemus
 48137 | Shoals:3 | Killed Polyphemus
 49372 | Shoals:4 | Entered Level 4 of the Shoals
 49974 | Shoals:4 | Reached skill level 15 in Earth Magic
 50122 | Shoals:4 | Found a transporter.
 50124 | Shoals:4 | Found a transporter.
 50129 | Shoals:4 | Noticed acebull12's ghost (adept MiFi)
 50581 | Shoals:4 | Identified the ring "Mimues" {rPois rCorr EV+5 Slay+2}
 50804 | Shoals:4 | Got a barnacled rune of Zot
 52145 | Shoals:4 | Killed acebull12's ghost
 52295 | Shoals:4 | Identified the ring "Yrrublo" {rC+ SInv}
 52298 | Shoals:4 | Identified the +10 dagger of Doors {heavy, rElec rF+ Will++
                  | Str-2}
 52315 | Shoals:4 | Identified the +1 scale mail of the Sparrow {rElec rC++
                  | Regen+}
 52586 | Orc:2    | Bought a book of Annihilations for 780 gold pieces
 52633 | Elf:1    | Entered Level 1 of the Elven Halls
 54287 | Elf:1    | Found Zixele's Jewellery Emporium.
 54287 | Elf:1    | Found Joulorgh's Jewellery Emporium.
 54288 | Elf:1    | Found Xyucw's Book Boutique.
 54297 | Elf:1    | Upgraded the game from 0.30-a0-830-gfe289a77b0 to
                  | 0.30-a0-840-ga523dec638
 55450 | Elf:2    | Gained mutation: Your touch may inflict irresistible damage
                  | on your foes. [demonic ancestry]
 55450 | Elf:2    | Reached XP level 19. HP: 138/138 MP: 6/36
 56876 | Elf:2    | Found a huge runed translucent gate.
 56876 | Elf:2    | Found a huge runed translucent gate.
 56876 | Elf:2    | Found a huge runed translucent gate.
 56879 | Elf:2    | Found a huge runed translucent gate.
 56880 | Elf:2    | Found a huge runed translucent gate.
 57179 | Elf:3    | Entered Level 3 of the Elven Halls
 59409 | Elf:3    | Identified the +8 chain mail of the Eternal Fruit {Harm
                  | Int-4 SInv}
 59968 | Elf:3    | Identified the +4 rapier "Izaxea" {spect, *Rage rCorr
                  | Int+3}
 60253 | Elf:3    | Found the +10 Black Knight's barding {ponderous, rPois rN+}
 60258 | Elf:3    | Got Sif Muna's Omnibus of Mutable Bad Luck
 60357 | Elf:3    | Got the Enchiridion on the Volley
 60498 | Elf:1    | Bought the amulet of Vitality {RegenMP++ Regen++} for 1100
                  | gold pieces
 60498 | Elf:1    | Found the amulet of Vitality {RegenMP++ Regen++}
 60701 | Vaults:1 | Entered Level 1 of the Vaults
 62289 | Vaults:2 | Gained mutation: Your touch may irresistibly damage your
                  | foes and sap their willpower. [demonic ancestry]
 62289 | Vaults:2 | Reached XP level 20. HP: 144/144 MP: 24/37
 63952 | Vaults:2 | Learned a level 7 spell: Spellforged Servitor
 64035 | Vaults:3 | Reached skill level 15 in Spellcasting
 64690 | Vaults:3 | Found a staircase to the Crypt.
 64760 | Vaults:3 | Found a runed translucent gate.
 64760 | Vaults:3 | Found a runed translucent gate.
 64761 | Vaults:3 | Found a runed translucent gate.
 64765 | Vaults:3 | Noticed Kevimi's ghost (adept FeNe)
 65795 | Vaults:3 | Killed Kevimi's ghost
 65796 | Vaults:3 | Reached XP level 21. HP: 106/149 MP: 21/40
 65963 | Vaults:3 | Found an iron altar of Okawaru.
 66038 | Vaults:4 | Found Lovo's Assorted Antiques.
 66194 | Vaults:4 | Noticed Aizul
 67050 | Vaults:4 | Killed Aizul
 67881 | Depths:1 | Entered Level 1 of the Depths
 68139 | Depths:1 | Found Enick's One-of-a-Kind Rings.
 68419 | Depths:1 | Found a one-way gateway to a ziggurat.
 68932 | Depths:1 | Found a gateway to Hell.
 69141 | Depths:2 | Reached XP level 22. HP: 157/157 MP: 31/43
 69918 | Depths:2 | Identified the ring "Hoimett" {Str+6 Int+4}
 70098 | Depths:2 | Found a one-way gate leading to the halls of Pandemonium.
 70464 | Depths:2 | Identified the amulet of Luohaunye {Reflect +Inv Str+5
                  | SH+5}
 70547 | Depths:3 | Found a one-way gate to the infinite horrors of the Abyss.
 70876 | Depths:3 | Noticed a golden dragon
 70878 | Depths:3 | Noticed a golden dragon
 70879 | Depths:3 | Killed a golden dragon
 70887 | Depths:3 | Killed a golden dragon
 70993 | Depths:3 | Noticed a golden dragon
 70997 | Depths:3 | Killed a golden dragon
 71239 | Depths:3 | Noticed a juggernaut
 71244 | Depths:3 | Killed a juggernaut
 71392 | Depths:3 | Found a burning altar of Makhleb.
 71586 | Depths:3 | Found Genonuag's Book Shoppe.
 71594 | Depths:3 | Bought a book of the Dragon for 1012 gold pieces
 71604 | Depths:3 | Learned a level 9 spell: Shatter
 71708 | Depths:4 | Entered Level 4 of the Depths
 72110 | Depths:4 | Found a radiant altar of Vehumet.
 72277 | Depths:4 | Noticed a golden dragon
 72286 | Depths:4 | Killed a golden dragon
 72326 | Depths:4 | Found a gate to the Realm of Zot.
 72689 | Depths:4 | Noticed a golden dragon
 72697 | Depths:4 | Killed a golden dragon
 72842 | Depths:4 | Identified the +10 great mace of Defence {flame, Fragile
                  | rPois rF+}
 72843 | Depths:4 | Found a transporter.
 72844 | Depths:4 | Noticed Liheutte's ghost (veteran MfMo)
 72846 | Depths:4 | Identified the +5 giant club of Certain Death {heavy, rElec
                  | rPois Dex-5}
 73385 | Crypt:1  | Entered Level 1 of the Crypt
 73501 | Crypt:1  | Gained mutation: Your magical and physical power is
                  | enhanced at high health. [demonic ancestry]
 73501 | Crypt:1  | Reached XP level 23. HP: 162/162 MP: 9/46
 74082 | Crypt:1  | You fall into a shaft and drop 1 floor!
 74409 | Crypt:2  | Reached skill level 20 in Summonings
 75102 | Crypt:1  | Found a basalt altar of Yredelemnul.
 75120 | Crypt:3  | Entered Level 3 of the Crypt
 75706 | Crypt:3  | Reached skill level 21 in Summonings
 76231 | Crypt:3  | Found a basalt altar of Yredelemnul.
 76240 | Crypt:3  | Found an ancient bone altar of Kikubaaqudgha.
 76438 | Crypt:3  | Found a basalt altar of Yredelemnul.
 76676 | Crypt:3  | Found a staircase to the Tomb.
 76829 | Vaults:5 | Entered Level 5 of the Vaults
 76834 | Vaults:5 | Reached skill level 22 in Summonings
 76890 | Vaults:5 | Gained mutation: A powerful demonic guardian rushes to your
                  | aid. [demonic ancestry]
 76890 | Vaults:5 | Reached XP level 24. HP: 154/161 MP: 19/47
 77118 | Vaults:5 | Got the Opusculum on Bright Jinxing
 77197 | Vaults:5 | Identified the +7 broad axe of Azeanlel {pain, rF++ MP+9}
 77250 | Vaults:5 | Identified the +9 dagger of the Indestructible God {heavy,
                  | rPois Will- MP+9 Str+3}
 77541 | Vaults:5 | Got a silver rune of Zot
 77728 | Vaults:5 | Identified the +7 trident of Mugimyes {vamp, rPois rCorr}
 77739 | Vaults:5 | Noticed an ancient lich
 77741 | Vaults:5 | Killed an ancient lich
 77743 | Vaults:5 | Reached skill level 23 in Summonings
 77794 | Vaults:4 | Learned a level 9 spell: Dragon's Call
 77845 | Vaults:5 | Identified the +1 war axe "Soir Burph" {freeze, rF+ Str+3}
 77877 | Vaults:5 | Identified the +0 falchion of Crusades {pain, rF+}
 79178 | Slime:1  | Entered Level 1 of the Pits of Slime
 79639 | Slime:5  | Entered Level 5 of the Pits of Slime
 79725 | Slime:5  | Noticed the Royal Jelly
 79733 | Slime:5  | Killed the Royal Jelly
 79821 | Slime:5  | Got the Octavo of Breezy Malevolent Ceremonies
 79887 | Slime:5  | Identified the +7 chain mail of Charity {rF+ Regen+ Str-5
                  | Int+2 Stlth+}
 79897 | Slime:5  | Got a slimy rune of Zot
 79919 | Slime:5  | Identified the ring of Generosity {rElec MP+9 Str+5 Int+2
                  | Dex-2}
 80170 | Slime:5  | Reached XP level 25. HP: 175/175 MP: 45/49
 80888 | Hell     | Entered the Vestibule of Hell
 80888 | Hell     | Noticed Geryon
 80896 | Hell     | Killed Geryon
 80927 | Hell     | Reached skill level 24 in Summonings
 81158 | Hell     | Found a gateway to the decaying netherworld of Tartarus.
 81255 | Hell     | Found a gateway to the freezing wastes of Cocytus.
 81401 | Hell     | Found a gateway to the Iron City of Dis.
 81470 | Hell     | Found a gateway to the ashen valley of Gehenna.
 81535 | Hell     | Upgraded the game from 0.30-a0-840-ga523dec638 to
                  | 0.30-a0-845-g7c6808c8ce
 81677 | Zot:1    | Entered Level 1 of the Realm of Zot
 82104 | Zot:1    | Identified the ring "Foutud" {Ice rCorr Int+3}
 82104 | Zot:1    | Noticed Josephina
 82120 | Zot:1    | Killed Josephina
 82486 | Zot:1    | Reached skill level 10 in Shields
 82498 | Zot:1    | You fall into a shaft and drop 1 floor!
 83736 | Zot:3    | Acquired 805 gold pieces
 84141 | Zot:3    | Reached skill level 25 in Summonings
 84188 | Zot:3    | Found a runed translucent door.
 84188 | Zot:3    | Noticed Vyqe's ghost (master MfIE)
 84189 | Zot:3    | Found a shimmering altar of Xom.
 84347 | Zot:3    | Gained mutation: Your magical and physical power is greatly
                  | enhanced at high health. [demonic ancestry]
 84347 | Zot:3    | Reached XP level 26. HP: 181/181 MP: 37/50
 85580 | Zot:4    | Reached skill level 10 in Fighting
 85910 | Zot:5    | Entered Level 5 of the Realm of Zot
 86439 | Zot:5    | Noticed a dread lich
 86558 | Zot:5    | Killed a dread lich
 86596 | Zot:5    | Noticed an ancient lich
 86601 | Zot:5    | Killed an ancient lich
 86602 | Zot:5    | Noticed an orb of fire
 86607 | Zot:5    | Killed an orb of fire
 86837 | Zot:5    | Noticed an orb of fire
 86842 | Zot:5    | Killed an orb of fire
 87111 | Zot:5    | Reached skill level 26 in Summonings
 87118 | Zot:5    | Noticed a dread lich
 87122 | Zot:5    | Killed a dread lich
 87128 | Zot:5    | Noticed an orb of fire
 87132 | Zot:5    | Killed an orb of fire
 87148 | Zot:5    | Reached XP level 27. HP: 196/196 MP: 8/51
 87665 | Depths:4 | Killed Liheutte's ghost
 87675 | Depths:4 | Found a transporter.
 87834 | Zot:5    | Reached skill level 27 in Summonings
 87911 | Zot:5    | Got the Orb of Zot
 88001 | Zot:1    | Noticed Omnaolat the pandemonium lord
 88413 | D:$      | Escaped with the Orb!

Illustrated notes

Levels and vault maps discovered:
D:1:      minmay_arrival_plants_in_alcoves, layout_loops_ring, serial_shops,
          nicolae_shop_hallway_plus
D:2:      layout_rooms, basic_altar, glass_columns_b, nicolae_grassy_gnolls
D:3:      minmay_door_path, layout_basic, hangedman_decor_points, minmay_unequal
D:4:      layout_basic, amcnicky_altar_gilded, mainiacjoe_overflow_tiny_flanked,
          kennysheep_generic_room_15
D:5:      layout_basic, mainiacjoe_overflow_concentric_impassable,
          minmay_temple_entry_large_hall, serial_shops, shop_fountains,
          portal_sewer_entry_b, serial_glass, glass_columns_c, glass_columns_b
D:6:      layout_rooms, kennysheep_okawaru_gauntlet, kennysheep_donut
D:7:      layout_rooms, serial_shops, shop, nicolae_ossuary_entry_plus,
          minmay_between
D:8:      layout_layer_cave, gammafunk_temple_overflow_claw, kennysheep_potato
D:9:      layout_basic, serial_shops, shop
D:10:     minmay_twisted_water, layout_basic,
          nicolae_gozag_cash_rules_everything_around_me, dpeg_lair_monsters
D:11:     layout_long_grid, orc_0_dummy, portal_ice_cave_entry_pillars_1
D:12:     layout_layer_cave, elyvilon_altar_3
D:13:     layout_big_octagon, small_statue_intersection, drop_trap
D:14:     layout_cave_pools, david_vaults_3, chequers_serial_rivers_large_b
D:15:     grunt_enter_depths_giant_problem, layout_grid_maze, serial_shops,
          nicolae_shop_statue_plus, minmay_tree_intersection, serial_rivers,
          chequers_serial_rivers_small_a, chequers_serial_rivers_micro_e,
          chequers_serial_rivers_micro_c, chequers_serial_rivers_small_3,
          chequers_serial_rivers_room_b, chequers_serial_rivers_micro_a,
          drop_trap
Temple:   nicolae_temple_ecumenical_triangle
Lair:1:   dreamdust_isle_of_ice, layout_long_grid, beast_lair_carwin_6,
          uniq_maggie, uniq_nergalle
Lair:2:   layout_concentric_octagons, hellmonk_spider_entry_not_the_bees,
          grunt_megastairs_1
Lair:3:   layout_cave_pods, minmay_shoals_entry_lonely_mermaid,
          columned_hall_lemuel, evilmike_ambush [evilmike_ambush_outer_basic,
          evilmike_ambush_inner_basic], infiniplex_staircase_pool_2,
          uniq_nessos, uniq_kirke, uniq_rupert, uniq_fannar, uniq_snorg
Lair:4:   minmay_lair_venomous_thicket, layout_regular_city, slime_entry_2,
          disabler_island
Lair:5:   guppyfry_lair_end_dragon, layout_loops_ring,
          hangedman_lair_caniforms_friends, kennysheep_abandoned_house
Shoals:1: layout_shoals, nicolae_shop_firing_range
Shoals:2: layout_shoals, lemuel_oklob_altar
Shoals:3: layout_shoals, uniq_polyphemus
Shoals:4: shoals_end_grunt_garden, layout_shoals, ebering_ghost_davey_jones,
          nicolae_shoals_loop_pool
Spider:1: layout_spider_delve
Spider:2: layout_chambers, hellmonk_ghost_happy_afterlife, uniq_mlioglotl,
          uniq_asterion
Spider:3: layout_spider_delve
Spider:4: spider_rune_water
Slime:1:  layout_caves, cheibrodos_slime_lost_civilization_4
Slime:2:  cheibrodos_slime_lost_civilization_9, layout_caves
Slime:3:  layout_caves
Slime:4:  layout_caves
Slime:5
Orc:1:    layout_caves, serial_shops, shop, uniq_jorgrun, uniq_urug
Orc:2:    st_orc_congregation, layout_caves, basic_altar
Elf:1:    nicolae_elf_arrival_fired_up, layout_onion_city, serial_glass,
          glass_columns_a, glass_columns_a, glass_columns_c, glass_columns_a,
          hangedman_corner_corridor, minmay_shop_grove
Elf:2:    elven_hall_of_blades_hangedman_alternative
          [nicolae_blade_entry_crossed_weapons], layout_geoelf_diagonals
Elf:3:    minmay_elf_hall_dome, layout_gridlike, minivault_5
Vaults:1: ontoclasm_vaults_ring_small, nicolae_vaults_little_squares_4,
          hangedman_vaults_capsules, vaults_room_boxed, hangedman_vaults_pinch,
          vaults_room_ringed_pool, vaults_standard_mumra_enter_the_diamond,
          v_misc_16, nicolae_vaults_asterisk, vaults_room_semicircle,
          nicolae_vaults_little_squares_6, layout_vaults_omnigrid
Vaults:2: ontoclasm_vaults_shuriken, st_cells, v_misc_10,
          nicolae_vaults_hallways_thing, v_misc_18, v_rooms_2, v_rooms_5,
          vaults_standard_mumra_enter_the_diamond,
          nicolae_vaults_little_squares_5, nicolae_vaults_specimen_jars,
          v_alt_pattern_5, vaults_mumra_chevron_long, ontoclasm_vaults_pinch,
          layout_vaults_maze
Vaults:3: gammafunk_ghost_fury_of_okawaru, ontoclasm_vaults_fault,
          v_alt_pattern_6, hangedman_vaults_river_flow, v_misc_23, v_misc_5,
          ontoclasm_vaults_claustrophobia, v_rooms_3,
          ontoclasm_vaults_ring_small, vaults_mumra_hexcomb,
          dpeg_vaults_monster_box, grunt_vaults_bifocal, v_misc_8,
          ontoclasm_vaults_twist, layout_vaults_big_cross, dummy_crypt_entry
Vaults:4: vaults_mumra_chevron, vaults_room_pools,
          nicolae_vaults_little_squares_6, v_misc_33, v_misc_3,
          hangedman_vaults_locks, v_misc_26, st_more_cells,
          vaults_room_fancy_cross, vaults_standard_mumra_lines, v_misc_27,
          vaults_room_mumra_shop_pool, grunt_vaults_focal,
          ontoclasm_vaults_loading_screen, layout_vaults_big_room, uniq_aizul
Vaults:5
Crypt:1:  layout_rooms, grunt_megastairs_4, lemuel_upstairs_altar
Crypt:2:  layout_misc_corridors
Crypt:3:  lightli_unholy_cathedral, layout_chaotic_city,
          nicolae_tomb_entry_grand_gallery, grunt_ministairs_1,
          nicolae_danse_macabre
Depths:1: layout_roguey, enter_ziggurat_e, grunt_hell_entry_demonic_statue,
          minmay_misc_feat_cross, nicolae_shop_unique_rings,
          minmay_misc_feat_columns, minmay_pinched_square
Depths:2: minmay_the_grid_3x3 [minmay_the_grid_zigzag_pyramid,
          minmay_the_grid_doors, minmay_the_grid_small_cups,
          minmay_the_grid_large_cup, minmay_the_grid_outer_diamond,
          minmay_the_grid_spikes, minmay_the_grid_box_x,
          minmay_the_grid_gridbox, minmay_the_grid_prize_diamond_cup],
          layout_gridlike, fountainhead, hell_entry, grunt_pan_entry_in_and_out,
          zin_academy
Depths:3: minmay_strange_plus, layout_cave_pools, abyss_entry, hell_entry,
          lemuel_doored_altar, serial_shops, nicolae_lakefront_shop
Depths:4: grunt_zot_entry_pinwheel, layout_small_grid,
          hangedman_tar_grid_catacomb, chequers_serial_rivers_small_3,
          hangedman_abyss_entry_splay, gammafunk_ghost_smash, vehumet_crystals
Hell
Zot:1:    layout_gridlike, uniq_josephina
Zot:2:    layout_cathedral_of_symmetry
Zot:3:    kennysheep_spiral_hall, layout_gridville, ebering_ghost_xom
Zot:4:    lemuel_draconian_sentries, layout_basic
Zot:5:    layout_basic, bh_zot_lava_cross

Skill      XL: |  1  2  3  4  5  6  7  8  9 10 11 12 13 14 15 16 17 18 19 20 21 22 23 24 25 26 27 |
---------------+----------------------------------------------------------------------------------+-----
Summonings     | 5 6 7 8 9 10 12 16 19 22 23 25 26 27 | 27.0
Spellcasting   | 3 4 5 7 9 11 13 15 17 19 20 22 23 24 | 24.0
Air Magic      | 3 5 |  5.0
Fighting       | 4 6 9 11 12 | 12.5
Conjurations   | 6 10 | 10.0
Poison Magic   | 4 |  4.0
Dodging        | 5 6 |  6.5
Ice Magic      | 6 |  6.0
Earth Magic    | 8 10 13 17 19 21 22 23 24 | 24.0
Shields        | 1 8 11 12 | 12.0
Stealth        | |  1.7

Action                     |  1- 3 |  4- 6 |  7- 9 | 10-12 | 13-15 | 16-18 | 19-21 | 22-24 | 25-27 || total
---------------------------+-------+-------+-------+-------+-------+-------+-------+-------+-------++-------
  Melee: Unarmed           |    17 |       |       |       |       |       |       |       |       ||    17
         Punch             |     2 |       |       |       |       |       |       |       |       ||     2
         Dagger            |     1 |       |       |       |       |     6 |    23 |     9 |       ||    39
         Staff             |     9 |    59 |    41 |    70 |    95 |     2 |       |       |       ||   276
         Flail             |       |       |       |       |   119 |    40 |       |       |       ||   159
         Hand axe          |       |       |       |       |       |    68 |       |     7 |     1 ||    76
  Throw: Dart              |       |       |       |       |     1 |     2 |       |       |       ||     3
   Cast: Summon Small Mamm |    17 |     7 |       |       |       |       |       |       |       ||    24
         Call Imp          |    15 |    29 |    18 |     6 |     3 |       |       |       |       ||    71
         Call Canine Famil |       |    21 |    35 |    20 |    75 |     6 |       |       |       ||   157
         Summon Guardian G |       |     5 |    40 |    51 |   141 |    19 |       |       |       ||   256
         Summon Lightning  |       |       |    24 |    61 |   191 |   112 |    13 |       |       ||   401
         Blink             |       |       |       |     1 |     7 |     8 |     1 |     4 |       ||    21
         Mephitic Cloud    |       |       |       |       |    94 |   104 |    10 |     2 |       ||   210
         Freezing Cloud    |       |       |       |       |    47 |   234 |   123 |    28 |       ||   432
         Lee's Rapid Decon |       |       |       |       |     7 |    49 |   145 |   178 |    15 ||   394
         Iskenderun's Myst |       |       |       |       |     6 |    40 |    20 |    20 |     1 ||    87
         Iron Shot         |       |       |       |       |       |    77 |   362 |   415 |   225 ||  1079
         Summon Mana Viper |       |       |       |       |       |    36 |     8 |       |       ||    44
         Monstrous Menager |       |       |       |       |       |    51 |    17 |     4 |       ||    72
         Spellforged Servi |       |       |       |       |       |       |    34 |    39 |     5 ||    78
         Shatter           |       |       |       |       |       |       |       |    40 |    27 ||    67
         Dragon's Call     |       |       |       |       |       |       |       |     8 |    32 ||    40
 Invoke: Potion Petition   |       |       |       |       |     3 |     6 |     1 |     4 |     8 ||    22
         Bribe Branch      |       |       |       |       |       |       |       |       |     1 ||     1
  Evoke: Wand              |       |     5 |     5 |     9 |    10 |     1 |       |       |     2 ||    32
         Condenser vane    |       |       |       |       |     1 |     1 |       |       |       ||     2
         Box of beasts     |       |       |       |       |     1 |       |       |       |       ||     1
         Phial of floods   |       |       |       |       |       |     1 |     1 |       |       ||     2
         Lightning rod     |       |       |       |       |       |     4 |     6 |     1 |       ||    11
         Phantom mirror    |       |       |       |       |       |       |     1 |       |       ||     1
    Use: Scroll            |     1 |     1 |    10 |    12 |    11 |     8 |     1 |     5 |     9 ||    58
         Potion            |       |       |     2 |     1 |     7 |     8 |       |     1 |     1 ||    20
   Stab: Distracted        |       |     1 |       |     1 |    11 |       |       |       |       ||    13
         Confused          |       |       |       |       |     7 |     7 |       |       |       ||    14
 Armour: Robe              |     3 |     9 |    17 |    15 |    55 |    93 |    18 |    25 |    20 ||   255
         Skin              |       |       |       |       |       |       |       |       |     7 ||     7
  Dodge: Dodged            |    14 |    43 |    70 |    78 |   229 |   356 |   185 |   185 |    61 ||  1221
         Repelled          |       |       |       |       |     5 |    10 |    11 |    13 |     9 ||    48
  Block: Orb               |       |       |       |     6 |    74 |    41 |       |       |       ||   121
         Reflection        |       |       |       |       |     9 |    30 |     5 |       |       ||    44
         Other             |       |       |       |       |       |     4 |       |       |       ||     4
         Buckler           |       |       |       |       |       |   146 |    68 |    56 |       ||   270
         Kite shield       |       |       |       |       |       |       |       |       |    52 ||    52

Table legend: (Time is in decaauts)
 A = Elapsed time spent in this place.
 B = Non-inter-level travel time spent in this place.
 C = Inter-level travel time spent in this place.
 D = Time resting spent in this place.
 E = Time spent auto-exploring this place.
 F = Levels seen in this place.
 G = Mean time per level.
                   A        B        C        D        E       F      G
               +--------+--------+--------+--------+--------+-----+--------+
         Total |  89162 |  81664 |   7498 |  27614 |  37948 |  60 | 1486.0 |
       Dungeon |  20222 |  17613 |   2609 |   5030 |   9407 |  15 | 1348.1 |
        Temple |     53 |     42 |     11 |      0 |      0 |   1 |   53.0 |
          Lair |  11641 |  10252 |   1389 |   4318 |   3978 |   5 | 2328.2 |
        Shoals |   8734 |   8451 |    283 |   4369 |   2834 |   4 | 2183.5 |
   Spider Nest |   8844 |   8553 |    291 |   3941 |   3123 |   4 | 2211.0 |
    Slime Pits |   1420 |   1298 |    122 |    221 |    734 |   5 |  284.0 |
  Orcish Mines |   3430 |   2971 |    459 |   1195 |   1074 |   2 | 1715.0 |
   Elven Halls |   7939 |   7552 |    387 |   3799 |   2601 |   3 | 2646.3 |
        Vaults |   9464 |   8806 |    658 |   1728 |   5074 |   5 | 1892.8 |
         Crypt |   3391 |   3149 |    242 |    526 |   1962 |   3 | 1130.3 |
        Depths |   5798 |   5212 |    586 |   1034 |   2974 |   4 | 1449.5 |
          Hell |    584 |    566 |     18 |      0 |    476 |   1 |  584.0 |
           Zot |   6250 |   5811 |    439 |   1015 |   3470 |   5 | 1250.0 |
         Sewer |    529 |    529 |      0 |     24 |    113 |   1 |  529.0 |
       Ossuary |    311 |    311 |      0 |     95 |    117 |   1 |  311.0 |
      Ice Cave |    546 |    546 |      0 |    317 |      9 |   1 |  546.0 |
               +--------+--------+--------+--------+--------+-----+--------+

Top non-repeatable levels by time:
Spider:4: 3757 daAuts
  Lair:5: 3150 daAuts
   Elf:3: 3111 daAuts
   Elf:1: 2756 daAuts
   Orc:2: 2529 daAuts
    D:13: 2423 daAuts
Shoals:2: 2321 daAuts
  Lair:4: 2200 daAuts
Shoals:3: 2145 daAuts
Shoals:4: 2136 daAuts
Shoals:1: 2131 daAuts
  Lair:1: 2123 daAuts
  Lair:2: 2122 daAuts
Vaults:3: 2113 daAuts
   Elf:2: 2071 daAuts
